 Dungeon Crawl Stone Soup version 0.24-a0-458-gfcb5e6da0e (webtiles) character file.

Game seed: 9191295484802207489

3966 Mrkan the Cleaver (level 10, -3/88 HPs)
             Began as a Minotaur Fighter on June 27, 2019.
             Was a Priest of Yredelemnul.
             Slain by an orc knight
             ... wielding a +0 glaive
              (31 damage)
             ... in a bailey.
             The game lasted 00:17:09 (7233 turns).

Mrkan the Cleaver (Minotaur Fighter)                Turns: 7233, Time: 00:17:10

Health: -3/88      AC: 13    Str: 21    XL:     10   Next: 2%
Magic:  12/13      EV:  6    Int:  5    God:    Yredelemnul [***...]
Gold:   368        SH: 11    Dex: 13    Spells: 9/9 levels left

rFire    . . .     SeeInvis .   b - +1 hand axe (chop)
rCold    . . .     Gourm    .   c - +0 shield
rNeg     . . .     Faith    .   t - +0 chain mail
rPois    +         Spirit   .   (helmet unavailable)
rElec    .         Reflect  .   (no cloak)
rCorr    .         Harm     .   (no gloves)
MR       .....                  q - +0 pair of boots
Stlth    ..........             (no amulet)
HPRegen  0.24/turn              s - +3 ring of protection
MPRegen  0.13/turn              y - +3 ring of slaying

@: studying Unarmed Combat
A: retaliatory headbutt, horns 3, poison resistance, evolution 1
a: Recall Undead Slaves, Injury Mirror, Animate Dead, Renounce Religion


You were in a bailey.
You worshipped Yredelemnul.
Yredelemnul was most pleased with you.
You were hungry.

You visited 1 branch of the dungeon, and saw 8 of its levels.
You also visited: Bailey.

You collected 448 gold pieces.
You spent 80 gold pieces at shops.

Inventory:

Hand Weapons
 a - a +0 war axe
 b - a +1 hand axe of chopping (weapon)
 g - a +0 hand crossbow
Missiles
 n - 253 stones (quivered)
Armour
 c - a +0 shield (worn)
 q - a +0 pair of boots (worn)
 t - a +0 chain mail (worn)
Jewellery
 e - an uncursed ring of protection from cold
 k - a +2 ring of evasion {unknown}
 r - an uncursed ring of ice
 s - a +3 ring of protection (left hand)
 y - a +3 ring of slaying (right hand)
 A - an uncursed amulet of the gourmand {unknown}
 B - an uncursed amulet of faith {unknown}
 E - a +3 amulet of reflection {unknown}
 J - the ring "Gedghiop" {Fire Str+5 Int+3 Slay-4, unknown}
   (You found it on level 8 of the Dungeon)

   [ring of fire]

   It enhances your fire magic.
   It affects your strength (+5).
   It affects your intelligence (+3).
   It affects your accuracy and damage with ranged weapons and melee attacks
   (-4).
   It protects you from fire.
   It makes you vulnerable to cold.
Scrolls
 d - 2 scrolls of amnesia
 h - 2 scrolls of torment {unknown}
 j - 4 scrolls of remove curse
 m - a scroll of summoning {unknown}
 o - 4 scrolls of teleportation
 w - a scroll of fear
 z - a scroll of fog {unknown}
 C - 2 scrolls of identify
 F - a scroll of magic mapping {unknown}
 L - a scroll of blinking
Potions
 i - 5 potions of heal wounds {unknown}
 l - 3 potions of lignification {unknown}
 p - a potion of mutation
 u - 7 potions of curing {unknown}
 v - 2 potions of flight {unknown}
 x - 2 potions of brilliance {unknown}
 G - 2 potions of haste {unknown}
 H - 2 potions of degeneration {unknown}
 I - 2 potions of magic {unknown}
 M - 2 potions of resistance {unknown}
 N - a potion of might
Books
 K - a manual of Unarmed Combat
Comestibles
 f - 16 rations
 D - 7 chunks of flesh


   Skills:
 - Level 7.7 Fighting
 + Level 10.5 Axes
 * Level 4.8 Crossbows
 - Level 3.6 Armour
 + Level 8.6 Shields
 + Level 6.1 Invocations


You had 9 spell levels left.
You didn't know any spells.
Your spell library contained the following spells:

 Spells                   Type           Power        Failure   Level  Hunger
 Magic Dart               Conj           #...         100%        1    ##.....
 Searing Ray              Conj           #.....       100%        2    ###....
 Dazzling Spray           Conj/Hex       #.....       100%        3    ####...
 Force Lance              Conj/Tloc      #.......     100%        4    #####..
 Fulminant Prism          Conj/Hex       #.........   100%        4    #####..
 Iskenderun's Mystic Bla  Conj           #.......     100%        4    #####..


Dungeon Overview and Level Annotations

Branches:
Dungeon (8/15)             Temple (0/1) D:5
   Lair: D:8-11

Altars:
Cheibriados
Fedhas
Gozag
Okawaru
Ru
Vehumet
Xom
Yredelemnul

Shops:
D:4 ?   D:5 !

Annotations:
D:5 1 runed translucent door, Edwin's ghost, novice FoFi
D:7 1 runed translucent door, 2 transporters, Mrkan's ghost, novice GrFi


Innate Abilities, Weirdness & Mutations

You reflexively headbutt those who attack you in melee.
You have a pair of large horns on your head.
Your system is resistant to poisons. (rPois)
You evolve.


Message History

The orc no longer looks unusually strong.
The orc knight roars a battlecry!
The orcs go into a battle-frenzy!
You hit the orc knight but do no damage.
You headbutt the orc knight!
The orc knight is lightly wounded.
You block the orc knight's attack.
You hit the orc knight.
You headbutt the orc knight, but do no damage.
The orc knight is moderately wounded.
The orc knight hits you with a +0 bardiche!!!
You block the orc knight's attack.
The orc warrior no longer looks unusually strong.
The orc knight roars a battlecry!
The orc warrior goes into a battle-frenzy!
You block the orc knight's attack.
There is a gate leading back out of this place here.
The orc knight hits you from afar with a +0 glaive!!
You die...
Your body rises from the dead as a mindless zombie.

#.......#
#..o....#
#o......#
#o......#
#o))o...#
#ooo)...#
#oo))...#
#.).....#
#@.....∩#
#.......#
##..∩..##
#######


You could see 3 orc knights, 2 orc warriors and 5 orcs.

Vanquished Creatures
  A two-headed ogre (D:8)
  Grinder (D:3)
  A spriggan (D:7)
  A hungry ghost (D:8)
  2 sky beasts
  2 ice beasts
  3 orc warriors
  3 ogres
  A necrophage (D:8)
  4 centaurs
  3 bullfrogs
  3 scorpions
  A howler monkey (D:6)
  2 crimson imps (D:6)
  7 orc priests
  A bullfrog skeleton (D:8)
  A hound (D:4)
  8 orc wizards
  9 worker ants
  A killer bee zombie (D:8)
  A hound skeleton (D:6)
  A howler monkey skeleton (D:4)
  5 adders
  6 gnolls (D:7)
  2 shadow imps (D:6)
  An ooze (D:1)
  An adder skeleton (D:6)
  4 worms
  3 dart slugs
  9 leopard geckos
  41 orcs
  6 giant cockroaches
  7 goblins
  6 hobgoblins
  10 jackals
  3 quokkas
  9 bats
  9 frilled lizards
  A giant cockroach zombie (D:6)
  12 kobolds
  2 leopard gecko zombies (D:5)
  6 rats
  A spectral orc (D:2)
  A plant (D:1)
202 creatures vanquished.

Vanquished Creatures (collateral kills)
  2 orcs (Bailey)
2 creatures vanquished.

Vanquished Creatures (others)
  A wight (Bailey)
  3 orc skeletons (Bailey)
  8 orc zombies (Bailey)
12 creatures vanquished.

Grand Total: 216 creatures vanquished

Notes
Turn   | Place    | Note
-------+----------+-------------------------------------------
     0 | D:1      | Mrkan the Minotaur Fighter began the quest for the Orb.
     0 | D:1      | Reached XP level 1. HP: 19/19 MP: 0/0
    47 | D:1      | Reached XP level 2. HP: 27/27 MP: 1/1
    47 | D:1      | Reached skill level 3 in Axes
   775 | D:1      | Reached XP level 3. HP: 33/33 MP: 2/2
   956 | D:2      | Found a shimmering altar of Xom.
  1210 | D:2      | Reached skill level 4 in Axes
  1678 | D:2      | Reached XP level 4. HP: 40/40 MP: 3/3
  1698 | D:2      | Found a basalt altar of Yredelemnul.
  1708 | D:2      | Became a worshipper of Yredelemnul the Dark
  1877 | D:3      | Reached skill level 1 in Invocations
  1877 | D:3      | Reached XP level 5. HP: 15/47 MP: 4/4
  2150 | D:3      | Reached skill level 5 in Axes
  2158 | D:3      | Reached * piety under Yredelemnul
  2434 | D:3      | Noticed Grinder
  2448 | D:3      | Paralysed by Grinder for 3 turns
  2452 | D:3      | Killed Grinder
  2452 | D:3      | Reached skill level 5 in Fighting
  2452 | D:3      | Reached skill level 6 in Axes
  2452 | D:3      | Reached skill level 5 in Shields
  2452 | D:3      | Reached XP level 6. HP: 50/56 MP: 6/6
  2647 | D:4      | Found Bivem's Magic Scroll Shoppe.
  2705 | D:4      | Reached XP level 7. HP: 48/61 MP: 7/7
  3102 | D:4      | Reached ** piety under Yredelemnul
  3342 | D:4      | Reached skill level 7 in Axes
  3351 | D:4      | Found a radiant altar of Vehumet.
  3532 | D:4      | Found a snail-covered altar of Cheibriados.
  3535 | D:4      | Found an opulent altar of Gozag.
  3538 | D:4      | Found a blossoming altar of Fedhas.
  3603 | D:5      | Entered Level 5 of the Dungeon
  3606 | D:5      | Found Wyedi's Distillery.
  3615 | D:5      | Bought a potion of mutation for 80 gold pieces
  3615 | D:5      | Gained mutation: You evolve. [potion of mutation]
  3615 | D:5      | Gained mutation: Your system is resistant to poisons.
                  | (rPois) [potion of mutation]
  3615 | D:5      | Gained mutation: You have a pair of large horns on your
                  | head. [potion of mutation]
  3711 | D:5      | Found an iron altar of Okawaru.
  3750 | D:5      | Found a runed translucent door.
  3759 | D:5      | Noticed Edwin's ghost (novice FoFi)
  3812 | D:5      | Reached XP level 8. HP: 70/70 MP: 9/9
  3860 | D:5      | Found a staircase to the Ecumenical Temple.
  4158 | D:6      | Reached skill level 8 in Axes
  4210 | D:6      | HP: 2/71 [orc priest/divine providence (12)]
  4920 | D:6      | Reached skill level 9 in Axes
  5716 | D:7      | Reached *** piety under Yredelemnul
  5723 | D:7      | Found a runed translucent door.
  5723 | D:7      | Noticed a sixfirhy
  5724 | D:7      | Reached XP level 9. HP: 72/79 MP: 11/11
  5801 | D:7      | Found a sacrificial altar of Ru.
  5850 | D:7      | Found a transporter.
  5853 | D:7      | Found a transporter.
  5853 | D:7      | Noticed Mrkan's ghost (novice GrFi)
  6199 | D:7      | Reached skill level 5 in Invocations
  6417 | D:8      | Got a coiled wooden ring
  6452 | D:8      | Noticed a two-headed ogre
  6481 | D:8      | Killed a two-headed ogre
  6481 | D:8      | Reached skill level 10 in Axes
  6821 | D:8      | Found a flagged portal.
  6834 | Bailey   | Entered a bailey
  6852 | Bailey   | Reached XP level 10. HP: 46/88 MP: 13/13
  7185 | Bailey   | Noticed an orc knight
  7185 | Bailey   | Noticed an orc knight
  7186 | Bailey   | Noticed an orc knight
  7193 | Bailey   | Received a gift from Yredelemnul (a wight)
  7233 | Bailey   | Slain by an orc knight

Levels and vault maps discovered:
D:1:      lightli_arrival_quake, layout_loops_ring, serial_forest,
          infiniplex_forest_straight_3, infiniplex_forest_straight_4,
          infiniplex_forest_clump_cross, infiniplex_forest_end_double,
          infiniplex_forest_clump_tiny, infiniplex_forest_straight_1,
          chequers_decorated_corner, minmay_tall_x
D:2:      layout_loops_corners, yredelemnul_forgotten_temple_becter,
          overflow_temple_1_default
D:3:      layout_basic, first_ration, uniq_grinder
D:4:      layout_basic, kennysheep_mini, grunt_temple_overflow_diamond,
          serial_shops, nicolae_shop_waterfront
D:5:      layout_basic, okawaru_gym_becter, minmay_temple_entry_junction_2,
          serial_shops, shop, ebering_ghost_sewer_d
D:6:      kennysheep_big_flooded_room, layout_layer_cave
D:7:      cheibrodos_shockbox, layout_cave_pods, gammafunk_ghost_mausoleum,
          the_bakery, nicolae_ru_awakened_eye
D:8:      layout_rooms, chequers_temple_overflow_statue_of_worship,
          enter_bailey_3, kennysheep_cluttered_room
Bailey:   bailey_polearm_5, bailey

Skill      XL: |  1  2  3  4  5  6  7  8  9 |
---------------+----------------------------+-----
Axes           | 3 4 6 7 9 10 | 10.5
Fighting       | 4 5 6 7 |  7.7
Shields        | 4 5 6 7 8 |  8.6
Invocations    | 1 2 3 4 6 |  6.1
Crossbows      | 4 |  4.8
Armour         | |  3.6

Action                   |  1- 3 |  4- 6 |  7- 9 | 10-12 || total
-------------------------+-------+-------+-------+-------++-------
Melee: War axe           |   112 |    84 |       |       ||   196
       Headbutt          |    14 |    19 |    59 |     4 ||    96
       Hand axe          |       |    22 |   280 |    24 ||   326
Invok: Animate Dead      |       |       |       |     2 ||     2
  Use: Potion            |       |     1 |     1 |       ||     2
       Scroll            |       |     4 |     5 |       ||     9
  Eat: Chunk             |     3 |     3 |     8 |     1 ||    15
       Ration            |       |       |     2 |       ||     2
Armor: Scale mail        |    39 |     2 |       |       ||    41
       Chain mail        |       |    68 |   147 |    20 ||   235
Dodge: Dodged            |    29 |    32 |    54 |    14 ||   129
Block: Shield            |    50 |    64 |   149 |    37 ||   300

Table legend:
 A = Non-vault XP
 B = Vault XP
 C = Vault XP percentage of total XP
 D = Non-vault monster count
 E = Vault monster count
 F = Vault count percentage of total count
                 A         B        C        D         E       F
            +---------+---------+-------+---------+---------+-------
      Total |    4727 |     939 |  16.6 |     164 |      39 |  19.2
            +---------+---------+-------+---------+---------+-------
        D:1 |      33 |       8 |  19.5 |      16 |       4 |  20.0
        D:2 |      58 |       1 |   1.7 |      22 |       1 |   4.3
        D:3 |     279 |     281 |  50.2 |      36 |       1 |   2.7
        D:4 |     423 |       0 |   0.0 |      21 |       0 |   0.0
        D:5 |     591 |       0 |   0.0 |      20 |       0 |   0.0
        D:6 |     886 |      83 |   8.6 |      25 |       2 |   7.4
        D:7 |     629 |     215 |  25.5 |      13 |       1 |   7.1
        D:8 |    1828 |       7 |   0.4 |      11 |       4 |  26.7
     Bailey |       0 |     344 | 100.0 |       0 |      26 | 100.0
            +---------+---------+-------+---------+---------+-------
